Map: 2000 Atmospheres LE

Players

Creator

  • Race: Protoss Protoss

DPGDark (Dark) - Winner!

  • Race: Zerg Zerg

Event: TSL 8

VOD

Have the link to the VOD?

Description

Time

  • Played on: Nov. 27, 2021, 11:13 a.m.
  • Length: 12:21

All games in this series

Show
View Real Time Build Order
Export as new Build Order

Creator Protoss 

Build Orders: 1 Gate Expand, Archon Immortal, Archon Drop, Dark Templar Rush 

Get SALT Encoding   

  12  0:00  Probe  
  13  0:12  Pylon  
  13  0:17  Probe (Chrono Boost)  
  14  0:26  Probe (Chrono Boost)  
  15  0:31  Probe (Chrono Boost)  
  16  0:38  Gateway  
  16  0:43  Probe  
  16  0:46  Assimilator  
  17  0:55  Probe  
  18  1:07  Probe  
  19  1:19  Probe  
  19  1:25  Nexus  
  20  1:35  Cybernetics Core  
  20  1:37  Probe  
  21  1:42  Assimilator  
  21  1:49  Probe  
  21  1:54  Pylon  
  22  1:58  Pylon  
  23  2:01  Probe  
  23  2:12  Adept  
  23  2:14  Probe (Chrono Boost)  
  26  2:18  Twilight Council  
  26  2:24  Warp Gate  
  26  2:25  Probe (Chrono Boost)  
  26  2:29  Probe (Chrono Boost)  
  28  2:38  Probe (Chrono Boost)  
  28  2:40  Probe (Chrono Boost)  
  28  2:42  Stalker  
  32  2:50  Probe (Chrono Boost)  
  33  2:52  Probe (Chrono Boost)  
  33  2:54  Robotics Facility  
  33  2:56  Probe (Chrono Boost)  
  33  2:57  Probe (Chrono Boost)  
  35  3:05  Probe  
  36  3:07  Probe  
  37  3:13  Dark Shrine  
  37  3:19  Probe  
  38  3:21  Probe  
  38  3:22  Gateway  
  38  3:24  Adept  
  41  3:33  Probe x2  
  43  3:40  Warp Prism (Chrono Boost)  
  41  3:46  Gateway  
  43  3:52  Probe x2  
  43  3:53  Pylon  
  45  3:58  Assimilator  
  45  4:00  Assimilator  
  45  4:04  Probe, Pylon  
  46  4:11  Probe  
  46  4:15  Adept  
  46  4:16  Adept  
  51  4:17  Probe  
  51  4:23  Probe  
  53  4:26  Pylon  
  53  4:29  Probe  
  54  4:35  Probe  
  54  4:37  Dark Templar  
  57  4:45  Nexus  
  57  4:52  Adept x2  
  61  4:56  Pylon  
  61  5:02  Probe x2  
  61  5:04  Pylon  
  64  5:07  Observer  
  64  5:13  Dark Templar x3  
  70  5:15  Probe x2  
  70  5:17  Shield Battery  
  70  5:19  Archon x2  
  72  5:28  Immortal (Chrono Boost)  
  76  5:32  Probe  
  76  5:33  Probe  
  78  5:45  Probe x2  
  78  5:47  Sentry x2  
  78  5:49  Forge  
  84  5:50  Gateway  
  84  5:58  Probe x2  
  84  5:59  Probe  
  87  6:04  Immortal (Chrono Boost)  
  87  6:08  Blink  
  87  6:11  Gateway  
  91  6:13  Gateway, Probe x2 (Chrono Boost)  
  91  6:18  Probe (Chrono Boost)  
  94  6:20  Sentry x2  
  94  6:24  Protoss Ground Weapons Level 1 (Chrono Boost)  
  101  6:25  Probe (Chrono Boost)  
  101  6:26  Probe (Chrono Boost)  
  101  6:28  Probe (Chrono Boost)  
  101  6:38  Pylon  
  101  6:39  Pylon  
  101  6:42  Pylon  
  101  6:49  Assimilator  
  101  6:53  Assimilator  
  101  6:55  Gateway x2  
  101  6:56  Immortal, Probe x3  
  101  7:01  Stalker x2, Sentry  
  114  7:10  Observer  
  114  7:13  Photon Cannon  
  114  7:14  Photon Cannon  
  114  7:16  Photon Cannon  
  114  7:24  Observer, Shield Battery  
  114  7:26  Shield Battery  
  114  7:28  Pylon  
  114  7:29  Pylon  
  114  7:35  Immortal (Chrono Boost)  
  117  7:38  Probe x3  
  117  7:41  Dark Templar x2  
  124  7:48  Dark Templar x2, Archon  
  124  7:49  Pylon  
  128  7:58  Pylon  
  128  8:06  Immortal (Chrono Boost)  
  128  8:09  Robotics Facility, Charge  
  132  8:13  Templar Archives  
  132  8:15  Nexus  
  132  8:17  Archon  
  132  8:19  Probe x3  
  135  8:20  Stargate  
  135  8:22  Pylon  
  135  8:27  Zealot x4  
  143  8:37  Photon Cannon  
  143  8:39  Protoss Ground Weapons Level 2  
  143  8:42  Psionic Storm  
  143  8:44  Immortal  
  147  8:52  Photon Cannon  
  147  8:53  Shield Battery  
  147  8:57  Immortal  
  147  8:59  High Templar  
  153  9:09  Assimilator  
  151  9:10  Photon Cannon  
  151  9:13  Photon Cannon, Shield Battery  
  151  9:15  High Templar  
  151  9:27  Observer  
  152  9:31  Zealot x4  
  152  9:36  Immortal  
  164  9:41  Oracle  
  165  9:47  Observer  
  165  9:50  Zealot  
  163  9:53  Zealot  
  163  9:57  Zealot x4  
  163  9:58  Immortal  
  145  10:13  Stalker x3  
  151  10:16  Immortal  
  155  10:27  Dark Templar x2  
  155  10:28  Dark Templar x2  
  163  10:33  Archon x2  
  163  10:34  Zealot  
  165  10:36  Assimilator  
  165  10:37  Zealot  
  165  10:38  Zealot x2  
  164  10:50  Pylon  
  164  10:51  Pylon  
  162  10:57  Fleet Beacon, High Templar  
  162  10:59  Stargate  
  146  11:12  Immortal x2  
  126  11:21  High Templar  
  126  11:22  Zealot x4, High Templar  
  126  11:23  Zealot  
  130  11:26  Archon  
  127  11:33  Pylon  
  127  11:34  Gateway  
  127  11:39  Zealot  
Show
View Real Time Build Order
Export as new Build Order

DPGDark Zerg - Winner!

Build Orders: Hatch First, Lurkers 

Get SALT Encoding   

  12  0:00  Drone  
  13  0:12  Overlord  
  13  0:17  Drone  
  14  0:30  Drone x2  
  14  0:35  Drone  
  17  0:51  Hatchery  
  17  0:54  Drone  
  17  0:57  Drone  
  18  1:00  Extractor  
  17  1:12  Spawning Pool  
  17  1:15  Drone  
  17  1:20  Drone  
  18  1:29  Drone  
  19  1:39  Drone  
  20  1:49  Drone  
  21  2:01  Metabolic Boost  
  21  2:02  Queen x2  
  21  2:03  Zergling x2  
  21  2:05  Zergling x2  
  27  2:13  Overlord  
  27  2:16  Drone  
  28  2:31  Drone  
  28  2:32  Drone x2  
  31  2:41  Hatchery  
  31  2:43  Drone  
  31  2:49  Queen  
  33  2:55  Overlord  
  33  3:01  Drone, Zergling x2  
  33  3:02  Drone  
  36  3:12  Overlord  
  36  3:13  Drone  
  36  3:16  Drone  
  36  3:18  Drone  
  39  3:23  Roach Warren  
  39  3:24  Drone x2  
  39  3:25  Drone  
  41  3:32  Queen  
  43  3:34  Drone  
  43  3:35  Extractor  
  43  3:38  Drone  
  43  3:39  Drone  
  44  3:41  Drone  
  45  3:53  Drone  
  45  3:54  Drone x2  
  48  3:58  Drone x3  
  51  4:04  Roach x3  
  51  4:05  Spore Crawler  
  51  4:07  Spore Crawler  
  51  4:08  Spore Crawler  
  54  4:14  Roach x2  
  58  4:18  Lair  
  58  4:23  Overlord  
  58  4:25  Overlord  
  58  4:32  Overlord  
  58  4:41  Drone x7  
  58  4:42  Drone  
  66  4:48  Drone x3  
  66  4:49  Drone  
  69  4:53  Drone x3  
  69  4:57  Drone  
  69  4:59  Drone  
  74  5:01  Extractor x2  
  74  5:05  Drone x2  
  74  5:10  Evolution Chamber  
  74  5:13  Drone  
  74  5:14  Drone  
  74  5:15  Overseer  
  74  5:16  Glial Reconstitution  
  74  5:17  Drone  
  74  5:20  Drone, Extractor x2  
  75  5:25  Roach  
  75  5:27  Roach x2  
  81  5:29  Overlord  
  81  5:32  Overlord x2  
  81  5:38  Overlord  
  81  5:41  Zerg Missile Weapons Level 1  
  81  5:43  Overlord  
  81  5:49  Infestation Pit, Roach  
  82  5:50  Roach x2  
  82  5:51  Roach x2  
  82  5:53  Hydralisk Den  
  82  5:56  Roach x2  
  93  6:00  Drone x2  
  93  6:01  Drone x2  
  93  6:02  Drone x2  
  99  6:05  Drone x2  
  99  6:07  Drone  
  99  6:08  Drone  
  103  6:18  Hatchery  
  102  6:20  Drone x2  
  102  6:21  Drone  
  102  6:27  Roach  
  102  6:28  Overlord  
  104  6:34  Overseer, Hive  
  104  6:37  Lurker Den, Roach  
  105  6:40  Overlord  
  105  6:48  Roach x4  
  105  6:52  Overlord  
  113  6:55  Overlord x2  
  113  6:59  Roach  
  113  7:00  Roach x3  
  121  7:02  Overlord x2  
  121  7:10  Overlord  
  121  7:12  Ravager x2  
  121  7:13  Ravager  
  124  7:20  Zergling x16  
  132  7:24  Hydralisk  
  132  7:26  Hatchery  
  132  7:29  Hydralisk x5  
  139  7:31  Hydralisk  
  145  7:44  Zerg Missile Weapons Level 2  
  145  7:47  Adaptive Talons  
  145  7:50  Drone x7  
  153  7:51  Drone  
  153  7:55  Lurker x4  
  157  8:01  Lurker  
  157  8:04  Drone x2  
  160  8:07  Lurker  
  160  8:10  Zergling x14  
  160  8:11  Lurker  
  169  8:17  Overlord, Extractor  
  169  8:19  Extractor  
  167  8:29  Overlord x3  
  166  8:36  Hydralisk x6  
  166  8:37  Overlord  
  178  8:41  Grooved Spines  
  178  8:44  Seismic Spines  
  178  8:51  Drone  
  178  8:52  Drone x2, Spine Crawler, Spore Crawler  
  178  9:02  Lurker x4  
  181  9:13  Lurker  
  181  9:14  Lurker  
  181  9:17  Drone, Zergling x8  
  184  9:18  Zergling x12, Evolution Chamber  
  184  9:22  Zergling x6  
  190  9:31  Hydralisk  
  190  9:36  Overlord x2  
  191  9:41  Hydralisk x2  
  191  9:43  Zergling x14  
  189  9:54  Hydralisk x3  
  189  9:57  Hydralisk  
  189  9:58  Hydralisk x2  
  178  10:00  Zergling x12  
  178  10:05  Hydralisk x2  
  171  10:09  Lurker  
  171  10:10  Lurker x2  
  171  10:11  Hatchery  
  168  10:15  Hydralisk x2  
  168  10:17  Zergling x8  
  173  10:22  Lurker x3  
  173  10:28  Zergling x10  
  179  10:33  Hydralisk  
  183  10:35  Lurker x2  
  183  10:36  Zergling x2  
  183  10:37  Zergling x4  
  183  10:38  Lurker  
  183  10:40  Hydralisk  
  183  10:42  Zergling x4  
  191  10:45  Hydralisk x2  
  195  10:52  Lurker  
  195  10:54  Zergling x8  
  181  11:11  Hydralisk  
  181  11:17  Hydralisk x10  
  189  11:19  Swarm Host  
  192  11:29  Drone x2  
  192  11:30  Drone  
  191  11:40  Hydralisk  
  191  11:42  Zergling x2  
Tags
 
Add a new tag
Caveats
  • Supply blocks, unpowered buildings, or Contaminate may cause inaccurate times.
  • Supply counts are checked every 10 seconds.